[Event "SixDays Budapest January-IMA 2023"]
[Site "Budapest"]
[Date "2023.01.27"]
[Round "8.1"]
[White "Ongut, Tamas Gunes"]
[Black "Ihnat, Marek"]
[Result "0-1"]
[ECO "A16"]
[WhiteElo "2340"]
[BlackElo "2138"]
[Annotator "TA"]
[PlyCount "72"]
[EventDate "2023.01.23"]
[EventType "tourn"]
[EventCountry "HUN"]
[SourceTitle "playchess.com"]
[Source "ChessBase"]
[SourceQuality "1"]
[TimeControl "5400+30"]

1. c4 Nf6 2. Nc3 d5 3. cxd5 Nxd5 4. Nf3 g6 5. h4 h5 6. e4 {[%emt 0:00:51] A16: English Opening: 1...Nf6 with ...d5.} Nxc3 7. bxc3 (7. dxc3 {simplifies} Qxd1+ 8. Kxd1 Nd7 9. Bf4) 7... Bg7 8. Bc4 {[%emt 0:05:01] White is slightly better.} O-O 9. Ng5 {[%emt 0:01:38] [#]} Nc6 $146 ({Predecessor:} 9... Nd7 10. d4 Nb6 11. Be2 c5 12. Be3 cxd4 13. cxd4 Qd6 14. Qd2 f6 15. Nh3 Bd7 {1-0 Malka,S (2256)-Nava Ruiz,M (1834) Mexico City Independence Cup 11th 2022 (6)}) 10. d4 {[%emt 0:01:28] Repels Ne5} Na5 11. Be2 c5 12. Be3 Nc6 13. e5 Qa5 {[%emt 0:03:21] Threatens to win with ...cxd4.} 14. Kf1 {[%emt 0:01:02] [#]} (14. O-O $14 {was forced to keep a grip.}) 14... Bf5 $1 $17 {[%emt 0:13:07] White must now prevent ...Rad8. Black continues to play with concentration.} 15. g4 hxg4 {[%emt 0:06:25] Hoping for ...Rad8.} 16. Bxg4 (16. Rc1 $17 {keeps fighting.}) 16... Bxg4 $19 (16... Qxc3 17. Bxf5 cxd4 18. Bf4 $16 (18. Rc1 Qa3 $16)) 17. Qxg4 Qxc3 18. Kg2 cxd4 (18... Nxd4 19. h5 Qd3 20. Rac1 $17) 19. Bf4 Nxe5 (19... Bxe5 20. h5 Bxf4 21. Qxf4 $17) 20. Bxe5 Bxe5 21. Nf3 Bf6 22. h5 Kg7 23. hxg6 {[%emt 0:00:07] [#] Threatening mate with Rh7+.} fxg6 {[%emt 0:01:14] Strongly threatening ...Qc8.} 24. Rab1 (24. Rac1 $142 Qa5 25. Nxd4 Qd5+ 26. Nf3) 24... b6 ({Avoid the trap} 24... Rh8 $2 25. Rhc1 Qa5 26. Rxb7 $19) 25. Rh3 Qc8 26. Qf4 Qf5 {[%emt 0:05:13] Against Ne5} 27. Qh6+ Kf7 28. Qh7+ Ke8 29. Re1 Rc8 30. Nxd4 Qd5+ 31. Nf3 Qxa2 32. Qxg6+ Qf7 33. Qf5 Rg8+ 34. Kh1 Rd8 {[%emt 0:00:56] Black has a decisive advantage.} ({Worse is} 34... Rc5 35. Qf4 $17) 35. Rh7 Qg6 36. Qh3 {[%emt 0:00:08] Repels Qg2+} Qg4 {[%emt 0:01:42] An entertaining game by Ihnat.   Weighted Error Value: White=0.43/Black=0.20 (precise)} 0-1

[Event "SixDays Budapest January-IMA 2023"]
[Site "Budapest"]
[Date "2023.01.27"]
[Round "8.2"]
[White "Leszko, Bence"]
[Black "Orso, Miklos"]
[Result "1-0"]
[ECO "B31"]
[WhiteElo "2298"]
[BlackElo "2256"]
[Annotator "TA"]
[PlyCount "57"]
[EventDate "2023.01.23"]
[EventType "tourn"]
[EventCountry "HUN"]
[SourceTitle "playchess.com"]
[Source "ChessBase"]
[SourceQuality "1"]
[TimeControl "5400+30"]

1. e4 c5 2. Nf3 Nc6 3. Bb5 g6 4. O-O Bg7 5. c3 Nf6 6. Re1 O-O 7. d4 cxd4 8. cxd4 d5 9. e5 Ne4 10. Nbd2 Nxd2 11. Bxd2 Bg4 {[%emt 0:00:44] B31: Sicilian: 2...Nc6 3 Bb5 g6.} 12. Bxc6 bxc6 {[%emt 0:00:28] Black is weak on the dark squares} 13. h3 Bxf3 {[%emt 0:00:24] The position is equal.} 14. Qxf3 Qb6 15. Qc3 {[%emt 0:00:28] [#]} f6 $146 ({Predecessor:} 15... a5 16. Rac1 Rfc8 17. b3 f6 18. e6 f5 19. Qc5 Qxc5 20. Rxc5 Bxd4 21. Rxa5 Rxa5 22. Bxa5 {1-0 Lesbekova,A (1920)-Hartikainen,J (2133) Titled Tuesday intern op 12th Oct blitz 2021 (11)}) 16. Bf4 f5 17. Rac1 Rfc8 18. Rc2 e6 19. Rec1 Bf8 {[%emt 0:02:02] Repels Qc5} 20. h4 h5 21. Qg3 Kh7 22. Qg5 {[%emt 0:01:50] Strongly threatening Qf6. White is more active.} Rc7 $2 {[%emt 0:09:04][%mdl 8192] [#] This costs Black the game.} (22... Qb7 $16) 23. Rc3 $1 $18 {[%emt 0:03:49] Threatens to win with Rg3.} Re8 $2 (23... Qb7 24. Rg3 Rg7 25. Qh6+ {[%mdl 64] Deflection} Kg8) 24. Rg3 Rg7 25. Qh6+ {[%emt 0:00:16][%mdl 64] Deflection} Kg8 26. Rxg6 Ree7 27. Bg5 ({Not} 27. Rxe6 Rxg2+ 28. Kxg2 Bxh6 29. Rxe7 Bxf4 $11) 27... Ref7 28. Bf6 {[%emt 0:00:23][%mdl 64] [#] Pin} Qxd4 29. Rxc6 {[%emt 0:04:24] Weighted Error Value: White=0.02 (flawless) /Black=0.90} 1-0

[Event "SixDays Budapest January-IMA 2023"]
[Site "Budapest"]
[Date "2023.01.27"]
[Round "8.3"]
[White "Polyik, Peter"]
[Black "Baski, Barnabas"]
[Result "0-1"]
[ECO "C45"]
[WhiteElo "2323"]
[BlackElo "2188"]
[Annotator "TA"]
[PlyCount "98"]
[EventDate "2023.01.23"]
[EventType "tourn"]
[EventCountry "HUN"]
[SourceTitle "playchess.com"]
[Source "ChessBase"]
[SourceQuality "1"]
[TimeControl "5400+30"]

1. e4 e5 2. Nf3 Nc6 3. d4 exd4 4. Nxd4 Nf6 5. Nxc6 bxc6 6. e5 Qe7 7. Qe2 Nd5 8. h4 Qe6 {[%emt 0:04:37] C45: Scotch Game.} 9. Nd2 {[%emt 0:00:16] 9.Nd2 is better than 9.g3.} Nb4 10. Nf3 c5 {[%emt 0:03:58][%cal Oe6f5] The position is equal.} 11. a3 Ba6 12. c4 Nc6 13. Bd2 {[%emt 0:00:32][%cal Bc1d2,Bd2c3,Bc3f6][%mdl 32] [#]} f6 $146 ({Predecessor:} 13... h6 14. Bc3 O-O-O 15. g3 Be7 16. Nd2 Rhe8 17. Bh3 f5 18. Bg2 Nxe5 19. Bxe5 Bf6 {0-1 Paikidze,N (2354)-Lee,M (2226) USA-ch (Women) 2022 (2)}) 14. exf6 Bxc4 {[%emt 0:03:40][%mdl 64] Pin} 15. Qxe6+ Bxe6 16. Bc3 gxf6 17. Bxf6 Rg8 18. Ng5 {[%emt 0:04:50] Strongly threatening Bb5.} Nd4 {[%emt 0:04:15] Dodges Bb5. And now ...Nc2+ would win.} 19. Bd3 {[%emt 0:10:35] Prevents Nc2+} (19. Nxh7 $2 {loses.} Nc2+ 20. Kd2 Nxa1 $19) 19... h6 20. Nxe6 Nxe6 21. O-O-O {[%emt 0:02:28] Black is weak on the light squares} Be7 (21... Rxg2 $2 22. Be4 $18) 22. Bxe7 (22. Bc3 $14) 22... Kxe7 $15 23. Rhe1 {[%emt 0:00:08] [#]} Raf8 {[%emt 0:02:47] Inhibits Bf5. Black converts the advantage convincingly.} 24. Be4 (24. Bc4 $142 Rxg2 25. Bxe6 dxe6 26. Re5) 24... Rxf2 $17 25. Rd2 Rxd2 26. Kxd2 $19 {[%emt 0:00:06][%mdl 4096] Endgame KRB-KRN} Rg4 27. h5 Rg5 28. Bf3 d5 {[%emt 0:05:20] Dodges Re4} 29. g4 Kd6 30. Bd1 Re5 {[%emt 0:01:04] Threatens to win with ...Rxe1.} 31. Rf1 Ng5 32. Rf8 Ne4+ 33. Kc2 c4 34. b4 (34. Rd8+ $17 Kc6 35. Ra8) 34... cxb3+ 35. Kxb3 c5 36. Rd8+ Kc7 37. Rf8 (37. Ra8 $142) 37... c4+ 38. Kb4 Re6 39. Bc2 $2 (39. a4 Rb6+ 40. Ka3) 39... Rb6+ 40. Ka5 Nd6 {[%emt 0:01:28] ...Kc6 is the strong threat.} 41. Rh8 Nb7+ 42. Ka4 Nc5+ 43. Ka5 {[%emt 0:00:05] [#]} Nb3+ $1 44. Ka4 Nd4 45. Rh7+ Kc6 46. Rxh6+ Kc5 {[%emt 0:00:22] Black mates.} 47. g5 Nxc2 48. Rf6 Rb3 49. h6 Rxa3# {[%emt 0:00:11] Weighted Error Value: White=0.57/Black=0.08 (flawless)} 0-1

[Event "SixDays Budapest January-IMA 2023"]
[Site "Budapest"]
[Date "2023.01.27"]
[Round "8.4"]
[White "Taragan, Uri"]
[Black "Magold, Filip"]
[Result "0-1"]
[ECO "D35"]
[WhiteElo "1733"]
[BlackElo "2230"]
[Annotator "TA"]
[PlyCount "174"]
[EventDate "2023.01.23"]
[EventType "tourn"]
[EventCountry "HUN"]
[SourceTitle "playchess.com"]
[Source "ChessBase"]
[SourceQuality "1"]
[TimeControl "5400+30"]

1. d4 d5 2. c4 e6 3. Nc3 Nf6 4. cxd5 exd5 5. Bg5 c6 6. e3 Bf5 7. Qf3 Bg6 8. Bxf6 Qxf6 9. Qxf6 gxf6 10. h4 h5 {[%emt 0:00:20] D35: Queen's Gambit Declined: Exchange Variation.} 11. Nge2 Nd7 12. Nf4 a5 {[%emt 0:01:09] [#] The position is equal.} 13. a4 $146 (13. Bd3 $14) ({Predecessor:} 13. Bd3 Bxd3 14. Nxd3 a4 15. Ne2 Bd6 16. Rh3 Ke7 17. Ndf4 Nf8 18. Nd3 Rg8 19. Nef4 {½-½ Matsuura,E (2467)-Umetsubo,C (2348) Catarinense-ch 2014 (5)}) 13... Bd6 $11 14. Nxg6 fxg6 15. Bd3 f5 16. Kd2 Nf6 17. g3 Kf7 18. Ke2 Rhe8 19. Kf1 Re7 20. Kg2 Rae8 21. Rac1 Ng4 22. Be2 Nh6 23. Rc2 Kf6 24. Bf3 Rg7 25. Rcc1 Nf7 26. Ne2 Nd8 27. Nf4 Bxf4 28. gxf4 Ne6 29. Rhd1 Ke7 30. Rc3 Kd6 31. Rdc1 Rge7 32. Kh2 Rb8 33. Rg1 Nf8 34. Rgc1 Re6 35. Rc5 Ra8 36. Kg2 Nd7 37. R5c3 Nb6 38. b3 Nd7 39. Kf1 Nb8 40. Be2 b6 41. Bf3 Ra7 42. Kg2 Rc7 43. Be2 Kd7 44. Kg3 Rd6 45. Kh3 Kc8 46. Kg2 Kb7 47. Kf1 Nd7 48. Bb5 Nf8 49. Be2 Ne6 50. Bf3 Rcd7 51. Rb1 c5 52. dxc5 bxc5 53. Rd1 Kb6 54. Be2 d4 55. Rcd3 Nf8 56. R3d2 Nh7 57. Bb5 Rd8 58. Rc1 Nf6 59. Rdc2 Ne4 {[%emt 0:07:45] White should prevent ...d3.} 60. exd4 cxd4 {[%emt 0:00:45] [#] Hoping for ...d3.} 61. Rc6+ Kb7 62. Rc7+ Kb8 {[%emt 0:00:24] White must now prevent ...d3.} 63. Bd3 (63. Rg7 $11) 63... Nc3 (63... Rb6 $15) 64. Rg7 R8d7 65. Rg8+ Rd8 66. Rg7 Re6 67. Re1 Rxe1+ 68. Kxe1 {[%emt 0:00:01][%mdl 4096] Endgame KRB-KRN} Nd5 69. Kd2 Nxf4 70. f3 ({Better is} 70. Be2 $11) 70... Rd6 71. Rg8+ (71. Bb5 $15) 71... Kb7 72. Rg7+ Kb6 73. Rg8 Re6 {[%emt 0:02:22] aiming for ...Re3.} 74. Rb8+ (74. Bc4 $15 Re3 75. Rd8) 74... Kc7 $17 {[%emt 0:00:03] Black is more active.} 75. Rb5 Re3 76. Bxf5 $2 (76. Bc4) 76... gxf5 $19 77. Rxf5 Rxf3 78. Rxa5 {[%emt 0:00:10] KRN-KR} Rf2+ 79. Ke1 Rb2 {[%emt 0:00:13] ( -> ...Ng2+)} 80. Rf5 Ng2+ {[%emt 0:00:04] Black mates.} 81. Kd1 Ne3+ 82. Kc1 Nxf5 83. Kxb2 Nxh4 84. Kc2 Nf5 85. Kd3 h4 86. Ke4 {[%emt 0:00:09] [#]} h3 $1 87. Kf3 (87. b4 h2) 87... d3 {[%emt 0:00:04] Weighted Error Value: White=0.04 (flawless) /Black=0.03 (flawless)} 0-1

[Event "SixDays Budapest January-IMA 2023"]
[Site "Budapest"]
[Date "2023.01.27"]
[Round "8.5"]
[White "Szeberenyi, Adam"]
[Black "Heimisson, Hilmir Freyr"]
[Result "1/2-1/2"]
[ECO "D34"]
[WhiteElo "2331"]
[BlackElo "2321"]
[Annotator "TA"]
[PlyCount "65"]
[EventDate "2023.01.23"]
[EventType "tourn"]
[EventCountry "HUN"]
[SourceTitle "playchess.com"]
[Source "ChessBase"]
[SourceQuality "1"]
[TimeControl "5400+30"]

1. d4 d5 2. c4 e6 3. Nc3 c5 4. cxd5 exd5 5. Nf3 Nf6 6. g3 Nc6 7. Bg2 Be7 8. O-O O-O 9. Bg5 c4 10. Ne5 Be6 11. Nxc6 bxc6 12. b3 h6 {[%emt 0:01:25] D34: Tarrasch Defence: 6 g3 Nf6 7 Bg2 Be7.} 13. Bxf6 Bxf6 14. Rc1 (14. bxc4 $14 {might be stronger.} dxc4 15. e3) 14... cxb3 15. axb3 Qb6 16. Na4 Qxd4 17. Qxd4 Bxd4 {[%emt 0:00:07] [#] A strong pair of Bishops.} 18. Rxc6 $146 {[%emt 0:00:07] The position is equal.} (18. Rfd1 $5 Bf6 19. Rxc6 $11) ({Predecessor:} 18. Rfd1 Bf6 19. Rxc6 Rab8 20. Nc5 Rb6 21. Rxb6 axb6 22. Nxe6 fxe6 23. Bh3 Re8 24. Rc1 Bd4 25. Rc6 {½-½ Juknis,P (2077)-Solys,L (2153) LTU-chT Rapid 2019 (8.2)}) 18... Rab8 19. Nc5 Bxc5 20. Rxc5 Rfd8 21. Ra5 Rd7 22. f4 {[%emt 0:00:36] [#] f5 is the strong threat.} g6 23. Rfa1 Rxb3 24. Rxa7 Rxa7 25. Rxa7 $11 {[%emt 0:00:05][%mdl 4096] Endgame KRB-KRB} Rb2 26. Kf1 d4 27. Ra4 Bg4 28. Rxd4 Bxe2+ 29. Kg1 Kg7 30. Rd7 Bc4 31. Bd5 Bxd5 32. Rxd5 Kf6 33. h4 {[%emt 0:01:34] Weighted Error Value: White=0.05 (flawless) /Black=0.02 (flawless)} 1/2-1/2